 Dungeon Crawl Stone Soup version 0.30-a0-341-g682706514a (webtiles) character file.

Game seed: 14128164449742872629

57 koil the Ruffian (level 3, 0/29 HPs)
             Began as a Draconian Transmuter on Nov 5, 2022.
             Slain by Sigmund
             ... wielding a +2 scythe of flaming
              (10 damage)
             ... on level 2 of the Dungeon.
             The game lasted 00:03:27 (1428 turns).

koil the Ruffian (Draconian Transmuter)             Turns: 1428, Time: 00:03:28

Health: 0/29       AC:  7    Str: 14    XL:     3   Next: 73%
Magic:  4/6        EV: 12    Int: 13    God:
Gold:   145        SH:  0    Dex: 11    Spells: 0/6 levels left

rFire   . . .      SeeInvis .      - Unarmed
rCold   . . .      Faith    .    (no shield)
rNeg    . . .      Spirit   .    (body armour unavailable)
rPois   .          Reflect  .    (helmet currently unavailable)
rElec   .          Harm     .    j - +1 cloak
rCorr   .          Rampage  .    (no gloves)
Will    .....                    (boots currently unavailable)
Stlth   +.........               (no amulet)
HPRegen 0.24/turn                (no ring)
MPRegen 0.10/turn                (no ring)

@: appendages (expiring), wereblooded
A: horns 2, talons 2, AC +5, unfitting armour, cold-blooded
a: End Transformation


You were on level 2 of the Dungeon.
You had temporarily grown beastly horns and talons.
You visited 1 branch of the dungeon, and saw 2 of its levels.

You collected 145 gold pieces.

Inventory:

Hand Weapons
 l - a +0 short sword of electrocution
Missiles
 g - 5 poisoned darts
Armour
 j - a +1 cloak (worn)
Magical Staves
 i - a staff of earth
Scrolls
 d - a scroll of fog {unknown}
 e - 2 scrolls of enchant armour {unknown}
 f - a scroll of fear {unknown}
 h - a scroll of noise {unknown}
Potions
 a - a potion of lignification
 b - 3 potions of flight {unknown}
 c - 2 potions of berserk rage {unknown}
 k - a potion of heal wounds {unknown}


   Skills:
 + Level 1.7 Fighting
 + Level 2.1 Dodging
 + Level 3.3 Unarmed Combat
 + Level 2.3 Spellcasting
 + Level 2.4 Transmutations
 + Level 1.2 Poison Magic


You couldn't memorise any spells.
You knew the following spells:

 Your Spells              Type           Power      Damage    Failure   Level
a - Beastly Appendage     Tmut           16%        N/A       9%          1
b - Wereblood             Tmut           8%         N/A       14%         2
c - Spider Form           Tmut/Pois      6%         N/A       34%         3

Your spell library contained the following spells:

 Spells                   Type           Power      Damage    Failure   Level
 Apportation              Tloc           2%         N/A       24%         1
 Necrotise                Necr           4%         1d4       24%         1
 Summon Small Mammal      Summ           4%         N/A       24%         1
 Static Discharge         Conj/Air       2%         2-3/arc   36%         2
 Call Canine Familiar     Summ           1%         N/A       58%         3
 Kindle Blastsparks       Fire/Tloc/Air  2%         2d10      58%         3
 Portal Projectile        Hex/Tloc       2%         N/A       58%         3
 Summon Guardian Golem    Hex/Summ       1%         N/A       58%         3
 Vampiric Draining        Necr           1%         2d6       58%         3
 Vhi's Electric Charge    Tloc/Air       2%         N/A       58%         3
 Ice Form                 Ice/Tmut       4%         N/A       82%         4
 Fulminant Prism          Conj/Hex       0%         3d5       94%         4
 Iskenderun's Mystic Bla  Conj/Tloc      1%         2d3       94%         4
 Leda's Liquefaction      Hex/Erth       0%         N/A       94%         4
 Agony                    Necr           1%         N/A       100%        5
 Arcjolt                  Conj/Air       0%         1d10      100%        5
 Lee's Rapid Deconstruct  Erth           0%         3d4*      100%        5
 Lightning Bolt           Conj/Air       0%         1d11      100%        5
 Orb of Destruction       Conj           0%         9d5       100%        7
 Spellforged Servitor     Conj/Summ      0%         N/A       100%        7


Dungeon Overview and Level Annotations

Branches:
Dungeon (2/15)

Altars:

Annotations:
D:2 Sigmund


Innate Abilities, Weirdness & Mutations

You have temporarily grown beastly horns and talons.
Your plain brown scales are hard. (AC +5)
You cannot fit into any form of body armour.
You are cold-blooded and may be slowed by cold attacks.


Message History

Sigmund the Dreaded comes into view.
He is wielding a +2 scythe of flaming.
You howl as the wereblood boils in your veins!
Your primal bloodlust is almost over.
You howl as the wereblood boils in your veins!
Your horns disappear.
Your talons disappear.
Your primal bloodlust has ended.
Casting: Wereblood (safe; 14% risk of failure)
Confirm with . or Enter, or press ? or * to list all spells.
You grow a pair of large bovine horns.
Your feet morph into talons.
Sigmund points at you and mumbles some strange words.
You resist with significant effort.
Casting: Beastly Appendage (safe; 9% risk of failure)
Confirm with . or Enter, or press ? or * to list all spells.
Your blood is infused with primal strength.
Your transformation is almost over.
Sigmund barely misses you.
You closely miss Sigmund. You claw Sigmund.
Sigmund is lightly wounded.
You hit Sigmund but do no damage. You claw Sigmund.
Sigmund is moderately wounded.
Sigmund hits you with a +2 scythe of flaming!
Sigmund burns you.
You barely miss Sigmund. You tail-slap Sigmund.
Sigmund is moderately wounded.
You closely miss Sigmund. Your kick misses Sigmund.
You tail-slap Sigmund, but do no damage.
Sigmund is moderately wounded.
Sigmund casts a spell.
Sigmund flickers and vanishes!
Deactivating autopickup; reactivate with Ctrl-A.
You hit something but do no damage. Your kick misses something.
Your headbutt misses something. You closely miss something.
You hear some strange, mumbled words.
A puff of flame appears from out of thin air!
The puff of flame hits you!
You hit something. You claw something. Something hits you. Something burns you.
You hit something. Your kick misses something.
Your tail-slap misses something.
Something hits you!
You die...

..........@.#
.........##.#
.....#.####.#
######....#.# #.####.#
##### #.# #.#####...#
#.# #.....#...# #@#
######{#...####### #.#
#......@..........
#.###.###.)...[.......
##.#>....+.........###
#.....# #.........#
#.....# #.........# ..
#.....####.###...####...
#.....+.....)...........
#.....####.........##
?.....# #######)#.#


There were no monsters in sight!

Vanquished Creatures
  A gnoll (D:1)
  An adder (D:2)
  A worm (D:2)
  2 ball pythons (D:1)
  3 endoplasms
  A giant cockroach (D:2)
  4 goblins
  2 hobgoblins
  5 jackals
  3 quokkas (D:1)
  2 bats (D:1)
  2 frilled lizards
  3 kobolds
  A rat (D:1)
31 creatures vanquished.

Vanquished Creatures (others)
  4 toadstools (D:1)
4 creatures vanquished.

Grand Total: 35 creatures vanquished

Notes
Turn   | Place    | Note
-------+----------+-------------------------------------------
     0 | D:1      | koil the Draconian Transmuter began the quest for the Orb.
     0 | D:1      | Reached XP level 1. HP: 16/16 MP: 3/3
   256 | D:1      | Reached XP level 2. HP: 18/23 MP: 5/5
   259 | D:1      | Learned a level 2 spell: Wereblood
   604 | D:1      | Reached XP level 3. HP: 28/28 MP: 6/6
   612 | D:1      | Reached skill level 1 in Poison Magic
  1332 | D:2      | Learned a level 3 spell: Spider Form
  1386 | D:2      | Noticed Sigmund
  1428 | D:2      | Slain by Sigmund

Illustrated notes

Levels and vault maps discovered:
D:1:      ldierk_water_garden, layout_loops_corners
D:2:      layout_basic, uniq_sigmund

Skill      XL: |  1  2  3 |
---------------+----------+-----
Dodging        | 2 |  2.1
Poison Magic   | 1 |  1.2
Fighting       | |  1.7
Unarmed Combat | |  3.3
Spellcasting   | |  2.3
Transmutations | |  2.4

Action                   || total
-------------------------++-------
Melee: Unarmed           ||   112
       Tailslap          ||    12
       Punch             ||     3
       Kick              ||    13
       Headbutt          ||     2
 Cast: Beastly Appendage ||    11
       Wereblood         ||     8
Armor: Skin              ||    32
Dodge: Dodged            ||    58

Table legend: (Time is in decaauts)
 A = Elapsed time spent in this place.
 B = Non-inter-level travel time spent in this place.
 C = Inter-level travel time spent in this place.
 D = Time resting spent in this place.
 E = Time spent auto-exploring this place.
 F = Levels seen in this place.
 G = Mean time per level.
                   A        B        C        D        E       F      G
               +--------+--------+--------+--------+--------+-----+--------+
         Total |   1426 |   1372 |     54 |      0 |   1077 |   2 |  713.0 |
       Dungeon |   1426 |   1372 |     54 |      0 |   1077 |   2 |  713.0 |
               +--------+--------+--------+--------+--------+-----+--------+

Top non-repeatable levels by time:
     D:1: 1105 daAuts
     D:2: 321 daAuts
